 Dungeon Crawl Stone Soup version 0.31-a0-986-g5e6e4ef867 (webtiles) character file.

Game seed: 3211394341395869585

1565 dialectric the Ruffian (level 8, -1/47 HPs)
             Began as a Troll Shapeshifter on Nov 24, 2023.
             Was an Elder of Nemelex Xobeh.
             Slain by a two-headed ogre
             ... wielding a +0 dire flail
              (24 damage)
             ... on level 6 of the Dungeon.
             The game lasted 00:09:01 (4201 turns).

dialectric the Ruffian (Troll Shapeshifter)         Turns: 4201, Time: 00:09:02

Health: -1/47      AC:  5    Str: 28    XL:     8   Next: 59%
Magic:  7/7        EV: 11    Int:  6    God:    Nemelex Xobeh [****..]
Gold:   244        SH:  0    Dex: 11    Spells: 7/7 levels left

rFire   + .          .
                       - Unarmed
rCold   + . .        (shield currently unavailable)
rNeg    . . .        a - melded +0 animal skin
rPois   .            (helmet currently unavailable)
rElec   .            I - melded scarf {shadows}
rCorr   .            (gloves unavailable)
SInv    .            (boots unavailable)
Will    .....        k - amulet of the acrobat
Stlth   +            i - ring of protection from cold
HPRegen 1.07/turn    o - ring of protection from fire
MPRegen 0.10/turn

%: acrobat
@: snake-form
A: constrict, reduced hp, large, unfitting armour, (claws 3), regeneration 1,
(shaggy fur 1), (tough skin 1)
a: Begin Untransformation, Renounce Religion, Draw Escape, Draw Destruction,
Draw Summoning, Triple Draw, Deal Four


You were on level 6 of the Dungeon.
You worshipped Nemelex Xobeh.
Nemelex Xobeh was greatly pleased with you.
You were an enormous anaconda.
You visited 1 branch of the dungeon, and saw 6 of its levels.

You collected 404 gold pieces.
You spent 160 gold pieces at shops.

Inventory:

Hand Weapons
 u - the +1 dagger "Uxkun" {elec, Fragile rN+ Will+ Str+5}
   (You found it on level 2 of the Dungeon)

   Str+5:     It affects your strength (+5).
   rN+:       It protects you from negative energy.
   Will+:     It increases your willpower.
   Fragile:   It will be destroyed if unequipped.
 H - a +6 flail of holy wrath
 M - the +1 flail of Daikaann {flame, rElec rF+ rC+}
   (You found it on level 6 of the Dungeon)

   rF+:       It protects you from fire.
   rC+:       It protects you from cold.
   rElec:     It insulates you from electricity.
Missiles
 v - 25 poisoned darts (quivered)
Armour
 a - a +0 animal skin (melded)
 G - an orb of wrath
 I - a scarf of shadows (melded)
Jewellery
 i - a ring of protection from cold (left hand)
 k - an amulet of the acrobat (around neck)
 m - an amulet of reflection
 o - a ring of protection from fire (right hand)
 q - a +6 ring of intelligence
 t - a ring of magical power
 F - a ring of willpower
Talismans
 c - a beast talisman
 d - a flux talisman
 j - a serpent talisman (active)
Wands
 B - a wand of charming (4)
 J - a wand of polymorph (8)
Scrolls
 f - a scroll of revelation {unknown}
 g - a scroll of noise {unknown}
 h - 5 scrolls of teleportation
 l - 4 scrolls of identify {unknown}
 n - a scroll of fear {unknown}
 p - 2 scrolls of amnesia {unknown}
 w - a scroll of vulnerability {unknown}
 y - 2 scrolls of torment {unknown}
 A - a scroll of fog {unknown}
 D - 2 scrolls of enchant weapon
 E - 2 scrolls of immolation {unknown}
 K - a scroll of silence {unknown}
Potions
 b - 4 potions of lignification
 e - a potion of resistance {unknown}
 r - a potion of magic {unknown}
 s - 2 potions of curing
 x - 2 potions of ambrosia {unknown}
 z - a potion of heal wounds
 C - a potion of berserk rage {unknown}
 L - a potion of degeneration {unknown}


   Skills:
 + Level 4.3 Fighting
 + Level 5.7 Dodging
 + Level 5.9 Unarmed Combat
 + Level 5.0 Shapeshifting


You had 7 spell levels left.
You didn't know any spells.
Your spell library contained the following spells:

 Spells                   Type           Power      Damage    Failure   Level
 Tukima's Dance           Hex            0%         N/A       83%         3
 Passage of Golubria      Tloc           0%         N/A       99%         4
 Yara's Violent Unravell  Hex/Tmut       0%         3d3       100%        5
 Chain Lightning          Conj/Air       0%         N/A       100%        9
 Fire Storm               Conj/Fire      0%         5d1       100%        9
 Shatter                  Erth           0%         3d5*      100%        9


Dungeon Overview and Level Annotations

Branches:
Dungeon (6/15)             Temple (0/1) D:4

Altars:
Fedhas
Makhleb
Nemelex Xobeh
Okawaru
Ru
Uskayaw

Shops:
D:1 [   D:4 =


Innate Abilities, Weirdness & Mutations

You are an enormous anaconda.
You have a powerful constriction melee attack.
Your maximum health is decreased, since you lack skill for your form.
Your armour is entirely melded.
You are incapable of wielding weapons or throwing items.
You are too large for most types of armour.
((You have claws for hands.))
Your natural rate of healing is unusually fast.
((You are covered in fur. (AC +1)))
((You have tough skin. (AC +1)))


Message History

The orc wizard mumbles some strange words.
The orc wizard flickers and vanishes!
Deactivating autopickup; reactivate with Ctrl-A.
A gnoll bouda comes into view. It is wielding a +0 club.
Okay, then.
You draw a card...
You have drawn the Orb.
Press: ? - help, Shift-Dir - straight line, f - two-headed ogre
Aim: a two-headed ogre, wielding a +0 dire flail and a +0 giant spiked club Your orb of destruction hits a rock wall. x2
The wavering orb of destruction hits something!!
Reactivating autopickup.
You feel a bit more experienced.
Your Shapeshifting skill increases to level 5!
Unknown command.
You draw a card...
You have drawn Vitriol.
Press: ? - help, Shift-Dir - straight line, f/p - two-headed ogre
Aim: a two-headed ogre, wielding a +0 dire flail and a +0 giant spiked club The glob of acid hits the two-headed ogre!!!
The acid corrodes the two-headed ogre!
The two-headed ogre is almost dead.
Unknown command.
Unknown command.
You draw a card...
You have drawn Pain.
Press: ? - help, Shift-Dir - straight line, f/p - two-headed ogre
Aim: a two-headed ogre, wielding a +0 dire flail and a +0 giant spiked club (magical condensation, almost dead, covered in acid)
The two-headed ogre convulses!
Unknown command.
Unknown command.
You closely miss the two-headed ogre. You grab the two-headed ogre.
The two-headed ogre is almost dead.
You constrict the two-headed ogre.
The two-headed ogre hits you with a +0 dire flail!!
Ouch! That really hurt!
The two-headed ogre hits you with a +0 giant spiked club!!
Ouch! That really hurt!
You die...
Your body glows with a rainbow of weird colours and disappears.

########## #........<.
#.######### ####.####
#.......#
###########.#.....#####
.......SOg).......#...##
#############.....#.....
#...........
#'###.##.###
#.8#####...< '..' #....
#).# ##### ##### #....
$$ ?[# #####


You could see a two-headed ogre (corroded) and a gnoll bouda.

Vanquished Creatures
  Sigmund (D:3)
  Menkaure (D:4)
  Edmund (D:4)
  A black bear (D:5)
  An ogre (D:6)
  A centaur (D:5)
  A phantom (D:6)
  Blork the orc (D:4)
  A bullfrog (D:4)
  A scorpion (D:5)
  2 hounds
  A jelly (D:5)
  Ijyb (D:2)
  A sleepcap (D:5)
  3 orc wizards
  Natasha (thrice) (D:3)
  An iguana (D:5)
  7 adders
  A white imp (D:5)
  5 worms
  A dart slug (D:2)
  4 orcs
  5 bats
  4 endoplasms
  3 giant cockroaches
  5 goblins
  11 hobgoblins
  9 kobolds
  3 quokkas
  3 ball pythons
  3 rats
86 creatures vanquished.

Vanquished Creatures (collateral kills)
  Grinder (D:3)
  A goblin (D:3)
2 creatures vanquished.

Grand Total: 88 creatures vanquished

Notes
Turn   | Place    | Note
-------+----------+-------------------------------------------
     0 | D:1      | dialectric the Troll Shapeshifter began the quest for the
                  | Orb.
     0 | D:1      | Reached XP level 1. HP: 18/18 MP: 0/0
    54 | D:1      | Found Ucluibla's Antique Armour Boutique.
    75 | D:1      | Found a faded altar of an unknown god.
   101 | D:1      | Reached skill level 1 in Fighting
   124 | D:1      | Prayed at the altar of an unknown god.
   124 | D:1      | Became a worshipper of Nemelex Xobeh the Trickster
   124 | D:1      | Reached * piety under Nemelex Xobeh
   124 | D:1      | Received a gift from Nemelex Xobeh
   412 | D:1      | Reached XP level 2. HP: 27/27 MP: 1/1
   469 | D:1      | You fall into a shaft and drop 1 floor!
   911 | D:2      | Reached ** piety under Nemelex Xobeh
  1105 | D:2      | Reached XP level 3. HP: 33/33 MP: 2/2
  1255 | D:2      | Identified the +1 dagger "Uxkun" {elec, Fragile rN+ Will+
                  | Str+5}
  1447 | D:2      | Received a gift from Nemelex Xobeh
  1763 | D:3      | Noticed Natasha
  1765 | D:3      | Noticed Sigmund
  1766 | D:3      | Killed Natasha
  1767 | D:3      | Reached XP level 4. HP: 40/41 MP: 3/3
  1856 | D:3      | Noticed Grinder
  1867 | D:3      | Paralysed by Grinder for 5 turns
  1876 | D:3      | Killed Grinder
  1877 | D:3      | Reached XP level 5. HP: 37/49 MP: 4/4
  1877 | D:3      | Reached XP level 6. HP: 43/57 MP: 5/5
  1882 | D:3      | Noticed Natasha
  1887 | D:3      | Killed Natasha
  1995 | D:3      | Found an iron altar of Okawaru.
  1995 | D:3      | Found a blossoming altar of Fedhas.
  2001 | D:3      | Found a sacrificial altar of Ru.
  2001 | D:3      | Found a hide-covered altar of Uskayaw.
  2004 | D:3      | Found a burning altar of Makhleb.
  2102 | D:3      | Noticed Natasha
  2110 | D:3      | Killed Natasha
  2201 | D:3      | Noticed Ijyb
  2282 | D:2      | Killed Ijyb
  2363 | D:4      | Reached *** piety under Nemelex Xobeh
  2467 | D:4      | Noticed Blork the orc
  2474 | D:4      | Killed Blork the orc
  2543 | D:4      | Noticed Menkaure
  2549 | D:4      | Killed Menkaure
  2550 | D:4      | Reached XP level 7. HP: 42/67 MP: 6/6
  2892 | D:4      | Identified the talisman of death of Prudence {rC+ Str+3}
  2893 | D:4      | Noticed Edmund
  2899 | D:4      | Killed Edmund
  2900 | D:4      | Found Hesaojobb's Jewellery Shop.
  2999 | D:4      | Reached skill level 5 in Unarmed Combat
  3009 | D:4      | Found a staircase to the Ecumenical Temple.
  3014 | D:4      | Received a gift from Nemelex Xobeh
  3099 | D:5      | Entered Level 5 of the Dungeon
  3134 | D:5      | Reached skill level 5 in Dodging
  3474 | D:5      | Reached XP level 8. HP: 69/76 MP: 7/7
  3543 | D:5      | Reached **** piety under Nemelex Xobeh
  3580 | D:5      | Identified the +3 sling of Rekkuscho {flame, rElec}
  3782 | D:1      | Bought a glowing scarf for 160 gold pieces
  3898 | D:3      | Killed Sigmund
  4057 | D:6      | Received a gift from Nemelex Xobeh
  4118 | D:6      | Identified the +1 flail of Daikaann {flame, rElec rF+ rC+}
  4175 | D:6      | Noticed a two-headed ogre
  4198 | D:6      | Reached skill level 5 in Shapeshifting
  4201 | D:6      | Slain by a two-headed ogre

Illustrated notes

Levels and vault maps discovered:
D:1:      lemuel_arrival_behind_the_door_large, layout_basic,
          basic_ecumenical_altar, serial_shops, nicolae_shop_hallway_plus
D:2:      layout_loops_corners, minmay_ruptured
D:3:      layout_rooms, grunt_temple_overflow_open, kennysheep_generic_room_6,
          uniq_ijyb, uniq_grinder, uniq_natasha, uniq_sigmund
D:4:      layout_loops_ring, minmay_temple_entry_nine_rooms, serial_shops, shop,
          uniq_menkaure, uniq_blork_the_orc, uniq_edmund
D:5:      layout_gridville, sigmund_army
D:6:      minmay_chambers_of_sixes, layout_loops_ring,
          mainiacjoe_overflow_swirl, serial_shops, nicolae_shop_rolling_square,
          uniq_maggie

Skill      XL: |  1  2  3  4  5  6  7  8 |
---------------+-------------------------+-----
Fighting       | 1 2 3 4 |  4.3
Dodging        | 2 3 4 5 |  5.7
Unarmed Combat | 4 5 |  5.9
Shapeshifting  | 4 5 |  5.0

Action                     |  1- 3 |  4- 6 |  7- 9 || total
---------------------------+-------+-------+-------++-------
  Melee: Unarmed           |    94 |    75 |    83 ||   252
         Punch             |     2 |     2 |     4 ||     8
         Constrict         |       |       |     3 ||     3
  Throw: Dart              |       |     6 |       ||     6
 Invoke: Draw Summoning    |       |     1 |       ||     1
         Draw Destruction  |       |       |     3 ||     3
Ability: Begin Untransform |       |       |     1 ||     1
    Use: Potion            |       |     2 |       ||     2
         Scroll            |       |       |     2 ||     2
   Stab: Sleeping          |     2 |       |     1 ||     3
 Armour: Animal skin       |    32 |    52 |    31 ||   115
         Skin              |       |       |    10 ||    10
  Dodge: Dodged            |    48 |    51 |    57 ||   156
   Form: Anaconda          |       |       |     1 ||     1

Table legend: (Time is in decaauts)
 A = Elapsed time spent in this place.
 B = Non-inter-level travel time spent in this place.
 C = Inter-level travel time spent in this place.
 D = Time resting spent in this place.
 E = Time spent auto-exploring this place.
 F = Levels seen in this place.
 G = Mean time per level.
                   A        B        C        D        E       F      G
               +--------+--------+--------+--------+--------+-----+--------+
         Total |   4194 |   3913 |    281 |     21 |   2810 |   6 |  699.0 |
       Dungeon |   4194 |   3913 |    281 |     21 |   2810 |   6 |  699.0 |
               +--------+--------+--------+--------+--------+-----+--------+

Top non-repeatable levels by time:
     D:2: 1071 daAuts
     D:1: 910 daAuts
     D:4: 784 daAuts
     D:3: 657 daAuts
     D:5: 610 daAuts
     D:6: 161 daAuts
